 Dungeon Crawl Stone Soup version 0.31-a0-75-g6fe912e8c5 (webtiles) character file.

Game seed: 5980218706838953109

126 greasedhog the Shooter (level 5, 0/42 HPs)
             Began as a Formicid Hunter on May 24, 2023.
             Killed from afar by Ijyb (8 damage)
             ... with a puff of flame
             ... on level 3 of the Dungeon.
             The game lasted 00:01:52 (1638 turns).

greasedhog the Shooter (Formicid Hunter)            Turns: 1638, Time: 00:01:53

Health: 0/42       AC:  5    Str: 16    XL:     5   Next: 31%
Magic:  5/5        EV: 10    Int:  8    God:
Gold:   116        SH:  4    Dex: 19    Spells: 4/4 levels left

rFire   . . .        a - +0 shortbow
rCold   . . .        i - +0 buckler
rNeg    . . .        k - +0 ring mail
rPois   .            (helmet unavailable)
rElec   .            (no cloak)
rCorr   .            (no gloves)
SInv    +            (no boots)
Will    .....        (no amulet)
Stlth   +            (no ring)
HPRegen 0.27/turn    (no ring)
MPRegen 0.09/turn

%: no passive effects
@: no status effects
A: permanent stasis, dig shafts and tunnels, antennae 3, four strong arms
a: Dig, Shaft Self


You were on level 3 of the Dungeon.
You visited 1 branch of the dungeon, and saw 3 of its levels.

You collected 116 gold pieces.

Inventory:

Hand Weapons
 a - a +0 shortbow (weapon)
Armour
 i - a +0 buckler (worn)
 k - a +0 ring mail (worn)
Scrolls
 e - a scroll of brand weapon {unknown}
 f - a scroll of fear {unknown}
 j - a scroll of acquirement {unknown}
 l - a scroll of teleportation {unknown}
 m - a scroll of identify {unknown}
Potions
 c - 2 potions of might {unknown}
 d - 2 potions of curing
 g - a potion of ambrosia {unknown}
 h - a potion of degeneration {unknown}
 n - a potion of haste {unknown}


   Skills:
 + Level 3.6 Fighting
 * Level 5.5 Ranged Weapons
 - Level 1.7 Dodging
 - Level 1.2 Stealth


You had 4 spell levels left.
You didn't know any spells.
Your spell library contained the following spells:

 Spells                   Type           Power      Damage    Failure   Level
 Cigotuvi's Dreadful Rot  Necr/Pois/Air  0%         N/A       86%         2
 Dispel Undead            Necr           0%         3d6       100%        4
 Death Channel            Necr           0%         N/A       100%        6


Dungeon Overview and Level Annotations

Branches:
Dungeon (3/15)

Altars:
Gozag

Annotations:
D:3 Ijyb


Innate Abilities, Weirdness & Mutations

You cannot be hasted, slowed, berserked, paralysed or teleported.
You can dig through walls and to a lower floor.
You have a pair of large antennae on your head. (SInv)
Your four strong arms can wield two-handed weapons with a shield.


Message History

No target in view!
No target in view!
No target in view!
No target in view!
No target in view!
You sense a monster nearby.
n - a golden potion No target in view!
No target in view!
Found a battleaxe.
No target in view!
You sense a monster nearby.
Ijyb the Twisted Goblin comes into view.
She is wielding a +0 dagger and carrying a wand of flame (22).
Ijyb shouts!
You hear a shout!
Ijyb moves out of view.
No target in view!
Ijyb and an orc come into view.
Ijyb is wielding a +0 dagger and carrying a wand of flame (22).
An orc comes into view. It is wielding a +0 club.
You shoot an arrow. The orc shouts!
The arrow hits Ijyb but does no damage.
Ijyb hits you with a +0 dagger. Ijyb attacks as you move away!
You block Ijyb's attack.
You shoot an arrow. The arrow misses Ijyb.
Ijyb hits you with a +0 dagger.
You shoot an arrow. The arrow closely misses Ijyb.
Ijyb hits you with a +0 dagger.
Ijyb zaps a wand.
The puff of flame hits you!
You shoot an arrow. The arrow hits Ijyb but does no damage.
Ijyb zaps a wand.
The puff of flame hits you!
Really read the scroll of immolation?
As you read the scroll of immolation, it crumbles to dust.
The creatures around you are filled with an inner flame!
Ijyb zaps a wand.
The puff of flame hits you!
Ijyb screams, "Get away!"
Ijyb zaps a wand.
The puff of flame hits you.
* * * LOW HITPOINT WARNING * * *
An orc comes into view. It is wielding a +0 club.
An orc comes into view. It is wielding a +0 short sword.
Ijyb zaps a wand.
The puff of flame hits you!
You die...

...........#
..>........### #..
.............# )..
...#.....###.# ##.#
##.#########.##...# .
#.########.....### ..
#..........#.....## ...
#...####...##.##..#....
. .###..@.......$.. {
{..o##^###.g...... {
#......##{#......
#o...oo{.###.###
#....#.### # #.....#..
....##.#..# o.## ....#.
.####


You could see Ijyb (inner flame) and 2 orcs.

Vanquished Creatures
  Natasha (thrice) (D:2)
  3 worms (D:2)
  A dart slug (D:1)
  2 ball pythons
  5 endoplasms
  4 giant cockroaches
  2 goblins
  2 hobgoblins
  2 jackals (D:1)
  2 quokkas
  5 bats
  4 frilled lizards
  2 kobolds
  7 rats
44 creatures vanquished.

Notes
Turn   | Place    | Note
-------+----------+-------------------------------------------
     0 | D:1      | greasedhog the Formicid Hunter began the quest for the Orb.
     0 | D:1      | Reached XP level 1. HP: 16/16 MP: 1/1
   189 | D:1      | Reached XP level 2. HP: 23/23 MP: 2/2
   314 | D:1      | Reached XP level 3. HP: 28/28 MP: 3/3
   602 | D:2      | Found an opulent altar of Gozag.
   899 | D:2      | Noticed Natasha
   902 | D:2      | Killed Natasha
   903 | D:2      | Reached skill level 5 in Ranged Weapons
   903 | D:2      | Reached XP level 4. HP: 35/35 MP: 4/4
  1161 | D:2      | Found a faded altar of an unknown god.
  1306 | D:2      | Noticed Natasha
  1320 | D:2      | Killed Natasha
  1321 | D:2      | Reached XP level 5. HP: 30/41 MP: 5/5
  1551 | D:2      | Noticed Natasha
  1557 | D:2      | Killed Natasha
  1626 | D:3      | Noticed Ijyb
  1638 | D:3      | Killed from afar by Ijyb

Illustrated notes

Levels and vault maps discovered:
D:1:      heliophobic_arrival_ceremonial_halls, layout_basic
D:2:      layout_basic, shapermc_ecumenical_altar_petra, basic_altar,
          uniq_natasha
D:3:      minmay_roachtagon, layout_rooms, nicolae_elyvilon_temple_path,
          serial_shops, shop, minmay_misc_feat_iff, dreamdust_mushroom_princess,
          grunt_decor_resistance, uniq_ijyb

Skill      XL: |  1  2  3 |
---------------+----------+-----
Fighting       | 3 |  3.6
Ranged Weapons | 5 |  5.5
Dodging        | |  1.7
Stealth        | |  1.2

Action                     |  1- 3 |  4- 6 || total
---------------------------+-------+-------++-------
   Fire: Shortbow          |    80 |    42 ||   122
    Use: Scroll            |       |     1 ||     1
 Armour: Leather armour    |     6 |       ||     6
         Ring mail         |       |     2 ||     2
  Dodge: Dodged            |     5 |     6 ||    11
  Block: Buckler           |     1 |     1 ||     2

Table legend: (Time is in decaauts)
 A = Elapsed time spent in this place.
 B = Non-inter-level travel time spent in this place.
 C = Inter-level travel time spent in this place.
 D = Time resting spent in this place.
 E = Time spent auto-exploring this place.
 F = Levels seen in this place.
 G = Mean time per level.
                   A        B        C        D        E       F      G
               +--------+--------+--------+--------+--------+-----+--------+
         Total |   1667 |   1557 |    110 |      0 |   1256 |   3 |  555.7 |
       Dungeon |   1667 |   1557 |    110 |      0 |   1256 |   3 |  555.7 |
               +--------+--------+--------+--------+--------+-----+--------+

Top non-repeatable levels by time:
     D:2: 1035 daAuts
     D:1: 582 daAuts
     D:3: 50 daAuts
